 Dungeon Crawl Stone Soup version 0.20-a0-864-g92acfd1 (webtiles) character file.

564 ciel the Sneak (level 7, -3/45 HPs)
             Began as an Octopode Earth Elementalist on Mar 12, 2017.
             Was an Initiate of Nemelex Xobeh.
             Killed from afar by nikopol's ghost (15 damage)
             ... with a magic dart
             ... on level 5 of the Dungeon.
             The game lasted 00:10:39 (5206 turns).

ciel the Sneak (Octopode Earth Elementalist)        Turns: 5206, Time: 00:10:40

Health: -3/45      AC:  1    Str:  9    XL:     7   Next: 32%
Magic:  4/11       EV: 14    Int: 17    God:    Nemelex Xobeh [......]
Gold:   241        SH:  0    Dex: 13    Spells: 11/12 levels left

rFire    . . .     SeeInvis .     - Unarmed
rCold    . . .     Gourm    .   (no shield)
rNeg     . . .     Faith    .   (helmet restricted)
rPois    .         Spirit   .   (no amulet)
rElec    .         Reflect  .   (no ring)
rCorr    .         Harm     .   (no ring)
MR       .....                  (no ring)
Stlth    ++++......             (no ring)
Regen    0.2/turn               (no ring)
MPRegen  0.2/turn               (no ring)
                                (no ring)
                                (no ring)

@: no status effects
A: almost no armour, stealthy swim, amphibious, 8 rings, constrict 8, camouflage
1, gelatinous body 1
a: Renounce Religion


You were on level 5 of the Dungeon.
You worshipped Nemelex Xobeh.
Nemelex Xobeh was noncommittal.
You were near starving.

You visited 2 branches of the dungeon, and saw 6 of its levels.

You collected 241 gold pieces.

Inventory:

Hand Weapons
 l - a cursed -2 short sword
 u - a +0 dagger of speed
Missiles
 b - 209 stones (quivered)
Wands
 a - a wand of flame (21/48)
Scrolls
 n - 3 scrolls of teleportation
 t - a scroll of fog
 v - 2 scrolls of remove curse
 w - 2 scrolls of enchant weapon
 x - a scroll of recharging
Potions
 e - a potion of ambrosia {unknown}
 h - a potion of resistance {unknown}
 i - a potion of heal wounds {unknown}
 j - 3 potions of degeneration {unknown}
 k - 3 potions of curing {unknown}
 o - a potion of agility {unknown}
 q - 4 potions of lignification {unknown}
 r - a potion of might {unknown}
Books
 d - a book of Geomancy

   Spells                             Type                      Level
   a - Sandblast                      Earth                        1
   b - Passwall                       Transmutation/Earth          2
   c - Stone Arrow                    Conjuration/Earth            3
   d - Petrify                        Transmutation/Earth          4
   e - Lee's Rapid Deconstruction     Earth                        5
Miscellaneous
 s - a plain deck of destruction {drawn: 2}
Comestibles
 c - 5 bread rations
 f - 4 fruits
 g - 4 royal jellies
 m - 2 meat rations


   Skills:
 + Level 2.7 Fighting
 + Level 3.5 Dodging
 + Level 5.0 Stealth
 + Level 2.4 Unarmed Combat
 + Level 3.3 Spellcasting
   Level 1.0 Transmutations
 + Level 4.2 Earth Magic
 + Level 1.9 Invocations


You had 11 spell levels left.
You knew the following spells:

 Your Spells              Type           Power        Failure   Level  Hunger
a - Sandblast             Erth           ###...       2%          1    None


Dungeon Overview and Level Annotations

Branches:
Dungeon (5/15)             Temple (1/1) D:4

Altars:
Ashenzari
Cheibriados
Elyvilon
Fedhas
Gozag
Hepliaklqana
Kikubaaqudgha
Makhleb
Nemelex Xobeh
Qazlal
Ru
Sif Muna
Wu Jian
Xom
Yredelemnul
Zin
The Shining One

Annotations:
D:4 exclusion: downstairs
D:5 nikopol's ghost, novice SpCj


Innate Abilities, Weirdness & Mutations

You cannot wear most types of armour.
You are very stealthy in the water. (Stealth+)
You are amphibious.
You can wear up to eight rings at the same time.
You can use your tentacles to constrict eight enemies at once.
Your skin changes colour to match your surroundings (Stealth+).
Your rubbery body absorbs attacks. (AC +1, EV +1)


Message History

* * * LOW HITPOINT WARNING * * *
Casting: Sandblast
Confirm with . or Enter, or press ? or * to list all spells.
Aiming: Sandblast
Press: ? - help, Shift-Dir - straight line, f/p - nikopol's ghost
Aim: nikopol's ghost, wielding a weapon of freezing (almost destroyed)
The blast of sand misses nikopol's ghost.
b - 210 stones Nikopol's ghost barely misses you.
Casting: Sandblast
Confirm with . or Enter, or press ? or * to list all spells.
Aiming: Sandblast
Press: ? - help, Shift-Dir - straight line, f/p - nikopol's ghost
Aim: nikopol's ghost, wielding a weapon of freezing (almost destroyed)
The blast of sand misses nikopol's ghost.
b - 209 stones Nikopol's ghost gestures at you while chanting.
The magic dart hits you!
You die...
Your body disappears without a glow.

#.# #.# #.# #.# #$#
#.# #.# #@# #W#
..#####.# ..W.....#
#..####.##############
#..............#
#.##########.###
#..........#.#
#.#######.##.#


You could see nikopol's ghost.

Vanquished Creatures
  A sky beast (D:5)
  A bullfrog (D:3)
  A scorpion (D:4)
  A crimson imp (D:5)
  3 hounds (D:4)
  An orc priest (D:3)
  A worker ant (D:3)
  A hound skeleton (D:4)
  6 gnolls
  An adder (D:4)
  An ooze (D:3)
  A worm (D:3)
  4 dart slugs (D:1)
  A leopard gecko (D:2)
  11 orcs
  7 bats
  5 giant cockroaches
  6 goblins
  4 hobgoblins
  10 jackals
  4 kobolds
  A quokka (D:4)
  7 frilled lizards
  A quokka skeleton (D:4)
  7 rats
87 creatures vanquished.

Notes
Turn   | Place    | Note
-------+----------+-------------------------------------------
     0 | D:1      | ciel the Octopode Earth Elementalist began the quest for the Orb.
     0 | D:1      | Reached XP level 1. HP: 11/11 MP: 3/3
   370 | D:1      | Reached XP level 2. HP: 11/18 MP: 5/5
   758 | D:1      | Reached skill level 1 in Unarmed Combat
   853 | D:1      | Reached skill level 3 in Stealth
   860 | D:1      | Reached skill level 1 in Fighting
   869 | D:1      | Reached XP level 3. HP: 13/23 MP: 6/6
  2106 | D:3      | Reached XP level 4. HP: 28/28 MP: 3/7
  2328 | D:3      | Reached XP level 5. HP: 6/34 MP: 0/8
  2665 | D:3      | Reached skill level 4 in Stealth
  3328 | D:3      | Noticed an orc warrior
  3381 | D:3      | Reached XP level 6. HP: 39/39 MP: 10/10
  3416 | D:4      | Found a staircase to the Ecumenical Temple.
  3503 | Temple   | Entered the Ecumenical Temple
  3648 | Temple   | Became a worshipper of Nemelex Xobeh the Trickster
  3990 | D:4      | Received a gift from Nemelex Xobeh
  4043 | D:4      | Reached skill level 1 in Invocations
  4434 | D:4      | Found a hazy altar of Hepliaklqana.
  4844 | D:4      | Reached XP level 7. HP: 45/45 MP: 6/11
  4921 | D:5      | Entered Level 5 of the Dungeon
  5073 | D:5      | Reached skill level 5 in Stealth
  5192 | D:5      | Noticed nikopol's ghost (novice SpCj)
  5206 | D:5      | Killed from afar by nikopol's ghost

Vault maps used:
D:1:      saegor_arrival_simple_c
D:3:      minmay_wonky_spiral
D:4:      lemuel_round_altar, minmay_temple_entry_crystal_x, first_bread,
          minmay_cut_off
D:5:      grunt_dithmenos_shadows, gammafunk_temple_overflow_statue
Temple:   nicolae_temple_elliptical

Skill      XL: |  1  2  3  4  5  6  7 |
---------------+----------------------+-----
Unarmed Combat | 1 2 |  2.4
Stealth        | 3 4 5 |  5.0
Fighting       | 1 2 |  2.7
Dodging        | 3 |  3.5
Spellcasting   | 3 |  3.3
Invocations    | 1 |  1.9
Earth Magic    | 4 |  4.2
Transmutations | |  1.0

Action                   |  1- 3 |  4- 6 |  7- 9 || total
-------------------------+-------+-------+-------++-------
Melee: Constrict         |    33 |    30 |     2 ||    65
       Tentacles         |    15 |    14 |     3 ||    32
       Unarmed           |    85 |   129 |     9 ||   223
       Punch             |     2 |     2 |       ||     4
 Cast: Sandblast         |     6 |    32 |    14 ||    52
Evoke: Deck              |       |       |     2 ||     2
  Use: Scroll            |     3 |     5 |     2 ||    10
 Stab: Sleeping          |    15 |     5 |     1 ||    21
       Distracted        |       |     2 |       ||     2
  Eat: Chunk             |     3 |     9 |       ||    12
Armor: Skin              |    11 |     9 |     2 ||    22
Dodge: Dodged            |    70 |   117 |     8 ||   195
